 Dungeon Crawl Stone Soup version 0.15.2 (webtiles) character file.

144 MistressOfTheSands the Insei (level 5, 0/41 HPs)
             Began as a Mummy Monk on Nov 9, 2015.
             Slain by a jackal (2 damage)
             ... on Level 3 of the Dungeon.
             The game lasted 00:03:02 (2270 turns).

MistressOfTheSands the Insei (Mummy Monk)           Turns: 2270, Time: 00:03:02

HP   0/41        AC  2     Str 14      XL: 5   Next:  5%
MP   5/5         EV 13     Int  9      God:
Gold 146         SH  0     Dex 15      Spells:  0 memorised,  4 levels left

rFire  . . .     SeeInvis .       - Unarmed
rCold  + . .     Clarity  .     a - +0 robe
rNeg   + + +     rCorr    .     (no shield)
rPois  +         rRot     +     (no helmet)
rElec  .         Spirit   .     (no cloak)
SustAb +         Warding  .     (no gloves)
rMut   .         Stasis   .     (no boots)
Gourm  .                        (no amulet)
MR     .....                    d - ring of sustain abilities
                                g - ring of protection from fire

@: not resistant to hostile enchantments, unstealthy
A: no food or potions, fire vulnerability, restore body, cold resistance 1,
negative energy resistance 3, poison resistance, torment resistance, unbreathing
a: no special abilities


You were on level 3 of the Dungeon.
You were not hungry.

You visited 1 branch of the dungeon, and saw 3 of its levels.

You collected 146 gold pieces.


Innate Abilities, Weirdness & Mutations

You do not eat or drink.
Your flesh is vulnerable to fire.
Your flesh is cold resistant.
You are immune to negative energy.
Your system is resistant to poisons.
You are immune to unholy pain and torment.
You can survive without breathing.


   Skills:
 - Level 3.0 Fighting
 - Level 2.4 Dodging
 - Level 1.5 Stealth
 + Level 5.3 Unarmed Combat


You had 4 spell levels left.
You didn't know any spells.

Inventory:

Missiles
 i - 23 poisoned needles
Armour
 a - a +0 robe (worn)
Scrolls
 c - a scroll of blinking {unknown}
 e - a scroll of identify {unknown}
 f - 2 scrolls of enchant weapon {unknown}
 h - a scroll of teleportation {unknown}
 j - a scroll of remove curse {unknown}
Jewellery
 b - an uncursed amulet of warding {unknown}
 d - a ring of sustain abilities (right hand)
 g - a ring of protection from fire (left hand)

Dungeon Overview and Level Annotations

Branches:
Dungeon (3/15)

Altars:
Okawaru
Yredelemnul

..............# #..#
...h..........# #.<#
...)%.........###..#
...>....##.........#
..#.##.###.......>.#
###.##..##.........#
#.##..#..######..#
#.##....## ####..####
#.##.#.h####hhM.....#
#.##..w.h.#..h......?#
#.##..................#
#..................#
#..................
#.£....#..........
#......##........
#......#####..##
#....... .


You could see 3 jackals.


Message History

The jackal barely misses you. The worm closely misses you.
You closely miss the hound.
The hound is severely wounded.
The hound bites you but does no damage. The jackal barely misses you.
The jackal bites you.
* * * LOW HITPOINT WARNING * * *
The hound bites you.
* * * LOW HITPOINT WARNING * * *
The jackal misses you. The hound bites you.
* * * LOW HITPOINT WARNING * * *
The jackal bites you.
* * * LOW HITPOINT WARNING * * *
You hit the hound but do no damage. You punch the hound.
You kill the hound!
You have reached level 5!
The jackal bites you.
* * * LOW HITPOINT WARNING * * *
The jackal bites you.
* * * LOW HITPOINT WARNING * * *
The jackal bites you but does no damage.
The jackal barely misses you. The jackal closely misses you.
The jackal barely misses you. The jackal misses you. The jackal bites you.
* * * LOW HITPOINT WARNING * * *
The jackal barely misses you. The jackal bites you.
* * * LOW HITPOINT WARNING * * *
The jackal misses you. The jackal bites you.
You die...

Action                   |  1- 3 |  4- 6 || total
-------------------------+-------+-------++-------
Melee: Unarmed           |   128 |    79 ||   207
 Stab: Sleeping          |     2 |       ||     2

Vault maps used:
D:1:      dpeg_arrival_subterranean_lakeside_camping
D:2:      old_standard_altar, first_bread, minmay_misc_feat_rows,
          yredelemnul_altar_generic, uniq_jessica
D:3:      makhleb_heckhound_becter, cheibriados_altar_wand_db, uniq_terence

Notes
Turn   | Place    | Note
--------------------------------------------------------------
     0 | D:1      | MistressOfTheSands, the Mummy Monk, began the quest for the Orb.
     0 | D:1      | Reached XP level 1. HP: 18/18 MP: 1/1
   100 | D:1      | Reached XP level 2. HP: 10/24 MP: 2/2
   256 | D:1      | Reached skill level 4 in Unarmed Combat
   365 | D:1      | Reached XP level 3. HP: 27/29 MP: 3/3
   974 | D:2      | Found an iron altar of Okawaru.
  1244 | D:2      | Noticed Jessica
  1353 | D:2      | Killed Jessica
  1372 | D:2      | Reached XP level 4. HP: 22/35 MP: 4/4
  1820 | D:2      | Found a basalt altar of Yredelemnul.
  1910 | D:3      | Noticed Terence
  1948 | D:2      | Killed Terence
  1948 | D:2      | Reached skill level 5 in Unarmed Combat
  2261 | D:3      | Reached XP level 5. HP: 7/41 MP: 5/5
  2261 | D:3      | HP: 3/41 [jackal (2)]
  2264 | D:3      | HP: 1/41 [jackal (1)]
  2270 | D:3      | Slain by a jackal

Vanquished Creatures
  A hound (D:3)
  Jessica (D:2)
  Terence (D:2)
  2 gnolls (D:1)
  2 adders (D:2)
  2 giant geckos
  9 goblins
  3 hobgoblins
  3 jackals (D:1)
  2 quokkas (D:3)
  5 bats
  2 giant cockroaches (D:2)
  A giant newt (D:1)
  10 kobolds
  3 rats (D:1)
47 creatures vanquished.
